 Dungeon Crawl Stone Soup version 0.28.0 (webtiles) character file.

Game seed: 3551162110606058656

14 dolemite99 the Chopper (level 2, -2/26 HPs)
             Began as a Hill Orc Fighter on Feb 6, 2022.
             Killed by nerve-wracking pain
             ... invoked by a shadow imp
             ... summoned by Natasha
              (14 damage)
             ... on level 2 of the Dungeon.
             The game lasted 00:00:38 (802 turns).

dolemite99 the Chopper (Hill Orc Fighter)            Turns: 802, Time: 00:00:39

Health: -2/26      AC:  8    Str: 18    XL:     2   Next: 41%
Magic:  2/2        EV:  9    Int:  8    God:
Gold:   21         SH:  4    Dex: 10    Spells: 1/1 levels left

rFire   . . .      SeeInvis .   a - +0 war axe
rCold   . . .      Faith    .   c - +0 buckler
rNeg    . . .      Spirit   .   b - +0 scale mail
rPois   .          Reflect  .   (no helmet)
rElec   .          Harm     .   (no cloak)
rCorr   .          Rampage  .   j - +0 pair of gloves
Will    .....                   (no boots)
Stlth   ..........              (no amulet)
HPRegen 0.08/turn               (no ring)
MPRegen 0.08/turn               (no ring)

@: mighty, slowed, very slow
A: no striking features
a: no special abilities


You were on level 2 of the Dungeon.
You visited 1 branch of the dungeon, and saw 2 of its levels.

You collected 21 gold pieces.

Inventory:

Hand Weapons
 a - a +0 war axe (weapon)
Missiles
 i - 6 stones (quivered)
Armour
 b - a +0 scale mail (worn)
 c - a +0 buckler (worn)
 j - a +0 pair of gloves (worn)
Jewellery
 h - a +4 ring of evasion
 n - a ring of flight
Scrolls
 e - a scroll of identify {unknown}
 k - 2 scrolls of teleportation {unknown}
Potions
 f - a potion of attraction {unknown}
 g - 2 potions of curing {unknown}
 l - a potion of berserk rage {unknown}
 m - 2 potions of flight {unknown}


   Skills:
 - Level 3.6 Fighting
 + Level 4.0 Axes
 - Level 3.2 Armour
 - Level 3.2 Shields


You had one spell level left.
You didn't know any spells.
Your spell library contained the following spells:

 Spells                   Type           Power      Damage    Failure   Level
 Freeze                   Ice            0%         1d3       87%         1
 Frozen Ramparts          Ice            0%         1d2       99%         3
 Hailstorm                Conj/Ice       0%         3d3       100%        4
 Passage of Golubria      Tloc           0%         N/A       100%        4
 Silence                  Hex/Air        0%         N/A       100%        5
 Lehudib's Crystal Spear  Conj/Erth      0%         10d2      100%        8


Dungeon Overview and Level Annotations

Branches:
Dungeon (2/15)

Altars:

Annotations:
D:2 Natasha


Message History

The shadow imp gestures at you. Pain shoots through your body!
The crimson imp closely misses you.
You barely miss the crimson imp. You barely miss the shadow imp.
You hit Natasha but do no damage. Natasha claws you but does no damage.
The shadow imp hits you but does no damage.
The crimson imp barely misses you. Natasha claws you but does no damage.
The shadow imp hits you but does no damage.
The crimson imp hits you but does no damage.
Sorry, you're not good enough to have a special ability.
Natasha casts a spell at you.
You feel as though you will be slow longer.
The crimson imp hits you but does no damage.
The shadow imp closely misses you.
The crimson imp blinks!
Natasha mumbles some strange words.
You feel troubled. You block Natasha's attack.
The crimson imp hits you but does no damage.
Natasha claws you but does no damage.
You feel very mighty all of a sudden.
The crimson imp hits you but does no damage.
Natasha claws you.
The shadow imp hits you but does no damage.
You hit Natasha.
Natasha is lightly wounded.
You miss the crimson imp. You barely miss the shadow imp.
The crimson imp blinks!
Natasha casts a spell at you. The magic dart hits you. The shadow imp hits you.
The crimson imp blinks!
Natasha claws you but does no damage. The shadow imp completely misses you.
You slash Natasha!
Natasha is almost dead.
You closely miss the shadow imp.
The crimson imp disappears in a puff of smoke!
Natasha stares at you and mumbles some strange words.
The magic dart hits you. The shadow imp gestures at you.
Pain shoots through your body!
Ouch! That really hurt!
You die...

#.# ********* #.# *,,,,,,,* #.#
*,*****,* ##.##
*,****#.####(..##
*,*,,...........######**
*,,,,...#.#......(§...,* *
***,*,**#...5§h.######,* *
*,,,....(.#@#.# *,* *
**,*######...## *>* * *,* ##+##
*,***** * *,* **,,,** *,,,,,* *
**,* **,,,,,** *****,* * **,,*
**,,,,,,,** **,**,*
*****,,,****,,,,,,,,,****,,,*,*
,,,,,,,,,,,+,,,,,,,,,+,,,,,,,,*
*****,,,****,,,,,,,,,****,,,*,*


You could see Natasha and a shadow imp (summoned).

Vanquished Creatures
  A worm (D:2)
  A dart slug (D:1)
  2 endoplasms (D:1)
  2 hobgoblins (D:1)
  A bat (D:2)
  2 rats
9 creatures vanquished.

Notes
Turn   | Place    | Note
-------+----------+-------------------------------------------
     0 | D:1      | dolemite99 the Hill Orc Fighter began the quest for the
                  | Orb.
     0 | D:1      | Reached XP level 1. HP: 19/19 MP: 1/1
   117 | D:1      | Reached skill level 3 in Axes
   394 | D:1      | Reached XP level 2. HP: 25/26 MP: 2/2
   582 | D:2      | Reached skill level 4 in Axes
   791 | D:2      | Noticed Natasha
   793 | D:2      | Noticed a crimson imp
   794 | D:2      | Noticed a crimson imp
   802 | D:2      | Killed from afar by a shadow imp

Illustrated notes

Levels and vault maps discovered:
D:1:      saegor_arrival_simple_e, layout_basic
D:2:      layout_loops_corners, uniq_natasha

Skill      XL: |  1  2 |
---------------+-------+-----
Axes           | 3 4 |  4.0
Fighting       | |  3.6
Armour         | |  3.2
Shields        | |  3.2

Action                   || total
-------------------------++-------
Melee: War axe           ||    18
Throw: Stone             ||    24
  Use: Scroll            ||     1
       Potion            ||     1
Armor: Scale mail        ||    19
Dodge: Dodged            ||     7
Block: Buckler           ||     5
